Workbook
Name JR_PAGE_ANCHOR_0_1: ORÇAMENTO!#REF!
Name JR_PAGE_ANCHOR_0_1: #REF!

Sheet ORÇAMENTO
A1: PLANILHA ORÇAMENTÁRIA DE CUSTOS
A2: PREFEITURA MUNICIPAL DE LAGOA DOS PATOS - MG | F2: PRAZO DE EXECUÇÃO: 2 MESES | I2: DATA: | J2: 46174
A3: OBRA: RECAPEAMENTO ASFÁLTICO EM PRÉ-MISTURADO A FRIO (PMF), EM DIVERSAS VIAS DA SEDE DO MUNICIPIO DE LAGOA DOS PATOS - MG. | F3: FORMA DE EXECUÇÃO: ( ) DIRETA (X) INDIRETA
A4: LOCAL: AVENIDA PRESIDENTE MÉDICE DO TRECHO DA ESQUINA COM RUA SEVERO CARDOSO ATE A ESQUINA COM RUA 2, RUA SETE DE SETEMBRO TRECHO DA ESQUINA COM A RUA MIGUEL BRAGA ATE A RUA COSTA SILVA, RUA MIGUEL BRAGA TRECHO DA ESQUINA COM A SETE DE SETEMBRO ATE A AVENIDA PRESIDENTE MÉDICE, RUA JOANA D'ARC TRECHO DA ESQUINA COM A RUA DUXA ATE A RUA PINHEIROS E RUA PINHEIROS, NO MUNICÍPIO DE LAGOA DOS PATOS-MG | F4: *DEMONSTRATIVO DE BDI EXTRAÍDO DA ABA CALCULO DE BDI* | J4: % ISS MUNICIPAL:
A5: REGIÃO/MÊS DE REFERÊNCIA: SINAPI -04/2026 - DESONERADO / SETOP - 01/2026 - NORTE DESONERADO / SUDECAP - 01/2026 - DESONERADO / SICRO NOVO - 01/2026 - DESONERADO | F5: BDI: | H5: 0.2977 | J5: 0.05
A7: ITEM | B7: CÓDIGO | C7: DESCRIÇÃO | D7: FONTE | E7: UNID | F7: QUANTIDADE | G7: PREÇO UNITÁRIO R$ | I7: PREÇO TOTAL R$
G8: SEM BDI | H8: COM BDI | I8: SEM BDI | J8: COM BDI
A9: 1 | B9: RECAPEAMENTO ASFÁLTICO EM PRÉ-MISTURADO A FRIO (PMF), EM DIVERSAS VIAS DA SEDE DO MUNICIPIO DE LAGOA DOS PATOS - MG. | I9: =ROUND(SUM(I10+I18+I32+I43+I54+I65+I14),2) -> 372373.62 | J9: =ROUND(SUM(J10+J18+J32+J43+J54+J65+J14),2) -> 483237.13
A10: 1.1 | B10: SERVIÇOS PRELIMINARES | I10: =ROUND(SUM(I11:I13),2) -> 21860.28 | J10: =ROUND(SUM(J11:J13),2) -> 28368.09
A11: 1.1.1 | B11: ED-28427 | C11: FORNECIMENTO E COLOCAÇÃO DE PLACA DE OBRA EM CHAPA GALVANIZADA #26, ESP. 0,45MM, DIMENSÃO (3X1,5)M, PLOTADA COM ADESIVO VINÍLICO, AFIXADA COM REBITES 4,8X40MM, EM ESTRUTURA METÁLICA DE METALON 20X20MM, ESP. 1,25MM, INCLUSIVE SUPORTE EM EUCALIPTO AUTOCLAVADO PINTADO COM TINTA PVA DUAS (2) DEMÃOS | D11: SETOP | E11: un | F11: 1 | G11: 1187.1 | H11: =ROUND(SUM((G11*(1+$H$5))),2) -> 1540.5 | I11: =ROUND(SUM(F11*G11),2) -> 1187.1 | J11: =ROUND(SUM(F11*H11),2) -> 1540.5
A12: 1.1.2 | B12: COMP_2024-09_ADM-LOCAL | C12: ADMINISTRAÇÃO LOCAL DE OBRAS, COMPOSTO DE ENGENHEIRO CIVIL E ENCARREGADO GERAL - REFERÊNCIA 2024/09 | D12: Composições Próprias | E12: UND | F12: 1 | G12: 11201.44 | H12: =ROUND(SUM((G12*(1+$H$5))),2) -> 14536.11 | I12: =ROUND(SUM(F12*G12),2) -> 11201.44 | J12: =ROUND(SUM(F12*H12),2) -> 14536.11
A13: 1.1.3 | B13: MOB E DESMOB | C13: MOBILIZAÇÃO E DESMOBILIZAÇÃO DE OBRA | E13: UND | F13: 1 | G13: 9471.74 | H13: =ROUND(SUM((G13*(1+$H$5))),2) -> 12291.48 | I13: =ROUND(SUM(F13*G13),2) -> 9471.74 | J13: =ROUND(SUM(F13*H13),2) -> 12291.48
A14: 1.2 | B14: DEMOLIÇÕES E REMOÇÕES | I14: =ROUND(SUM(I15:I17),2) -> 284.62 | J14: =ROUND(SUM(J15:J17),2) -> 369.31
A15: 1.2.1 | B15: ED-48492 | C15: DEMOLIÇÃO MECANIZADA DE REVESTIMENTO ASFÁLTICO, COM EQUIPAMENTO PNEUMÁTICO, INCLUSIVE AFASTAMENTO E EMPILHAMENTO, EXCLUSIVE TRANSPORTE E RETIRADA DO MATERIAL DEMOLIDO | D15: SETOP | E15: m2 | F15: 26 | G15: 10.55 | H15: =ROUND(SUM((G15*(1+$H$5))),2) -> 13.69 | I15: =ROUND(SUM(F15*G15),2) -> 274.3 | J15: =ROUND(SUM(F15*H15),2) -> 355.94
A16: 1.2.2 | B16: 100982 | C16: CARGA, MANOBRA E DESCARGA DE ENTULHO EM CAMINHÃO BASCULANTE 10 M³ - CARGA COM ESCAVADEIRA HIDRÁULICA (CAÇAMBA DE 0,80 M³ / 111 HP) E DESCARGA LIVRE (UNIDADE: M3). AF_02/2026 | D16: SINAPI | E16: M3 | F16: 0.78 | G16: 9.84 | H16: =ROUND(SUM((G16*(1+$H$5))),2) -> 12.77 | I16: =ROUND(SUM(F16*G16),2) -> 7.68 | J16: =ROUND(SUM(F16*H16),2) -> 9.96
A17: 1.2.3 | B17: 93590 | C17: TRANSPORTE COM CAMINHÃO BASCULANTE DE 10 M³, EM VIA URBANA PAVIMENTADA, ADICIONAL PARA DMT EXCEDENTE A 30 KM (UNIDADE: M3XKM). AF_02/2026 | D17: SINAPI | E17: M3XKM | F17: 2.42 | G17: 1.09 | H17: =ROUND(SUM((G17*(1+$H$5))),2) -> 1.41 | I17: =ROUND(SUM(F17*G17),2) -> 2.64 | J17: =ROUND(SUM(F17*H17),2) -> 3.41
A18: 1.3 | B18: AVENIDA PRESIDENTE MÉDICE DO TRECHO DA ESQUINA COM RUA SEVERO CARDOSO ATE A ESQUINA COM RUA 2 | I18: =ROUND(SUM(I19:I31),2) -> 89517.15 | J18: =ROUND(SUM(J19:J31),2) -> 116168.39
A19: 1.3.1 | B19: COMP-IMPRIMA-EAI | C19: IMPRIMAÇÃO ( EXECUÇÃO E FORNECIMENTO DO MATERIAL BETUMINOSO, EXCLUSIVE TRANSPORTE DOMATERIAL BETUMINOSO 04/2026 | D19: Composições Próprias | E19: M² | F19: 26 | G19: 3.43 | H19: =ROUND(SUM((G19*(1+$H$5))),2) -> 4.45 | I19: =ROUND(SUM(F19*G19),2) -> 89.18 | J19: =ROUND(SUM(F19*H19),2) -> 115.7
A20: 1.3.2 | B20: 102330 | C20: TRANSPORTE COM CAMINHÃO TANQUE DE TRANSPORTE DE MATERIAL ASFÁLTICO DE 30000 L, EM VIA URBANA PAVIMENTADA, DMT ATÉ 30KM (UNIDADE: TXKM). AF_02/2026 | D20: SINAPI | E20: TXKM | F20: 0.39 | G20: 1.64 | H20: =ROUND(SUM((G20*(1+$H$5))),2) -> 2.13 | I20: =ROUND(SUM(F20*G20),2) -> 0.64 | J20: =ROUND(SUM(F20*H20),2) -> 0.83
A21: 1.3.3 | B21: 102331 | C21: TRANSPORTE COM CAMINHÃO TANQUE DE TRANSPORTE DE MATERIAL ASFÁLTICO DE 30000 L, EM VIA URBANA PAVIMENTADA, ADICIONAL PARA DMT EXCEDENTE A 30 KM (UNIDADE: TXKM). AF_02/2026 | D21: SINAPI | E21: TXKM | F21: 4.82 | G21: 0.62 | H21: =ROUND(SUM((G21*(1+$H$5))),2) -> 0.8 | I21: =ROUND(SUM(F21*G21),2) -> 2.99 | J21: =ROUND(SUM(F21*H21),2) -> 3.86
A22: 1.3.4 | B22: COMP-PINT.DE.LIGAÇÃO | C22: PINTURA DE LIGAÇÃO ( EXECUÇÃO E FORNECIMENTO DO MATERIAL BETUMINOSO, EXCLUSIVETRANSPORTE DO MATERIAL BETUMINOSO ) 04/2026 | D22: Composições Próprias | E22: M² | F22: 2218.89 | G22: 1.97 | H22: =ROUND(SUM((G22*(1+$H$5))),2) -> 2.56 | I22: =ROUND(SUM(F22*G22),2) -> 4371.21 | J22: =ROUND(SUM(F22*H22),2) -> 5680.36
A23: 1.3.5 | B23: 102330 | C23: TRANSPORTE COM CAMINHÃO TANQUE DE TRANSPORTE DE MATERIAL ASFÁLTICO DE 30000 L, EM VIA URBANA PAVIMENTADA, DMT ATÉ 30KM (UNIDADE: TXKM). AF_02/2026 | D23: SINAPI | E23: TXKM | F23: 33.28 | G23: 1.64 | H23: =ROUND(SUM((G23*(1+$H$5))),2) -> 2.13 | I23: =ROUND(SUM(F23*G23),2) -> 54.58 | J23: =ROUND(SUM(F23*H23),2) -> 70.89
A24: 1.3.6 | B24: 102331 | C24: TRANSPORTE COM CAMINHÃO TANQUE DE TRANSPORTE DE MATERIAL ASFÁLTICO DE 30000 L, EM VIA URBANA PAVIMENTADA, ADICIONAL PARA DMT EXCEDENTE A 30 KM (UNIDADE: TXKM). AF_02/2026 | D24: SINAPI | E24: TXKM | F24: 411.6 | G24: 0.62 | H24: =ROUND(SUM((G24*(1+$H$5))),2) -> 0.8 | I24: =ROUND(SUM(F24*G24),2) -> 255.19 | J24: =ROUND(SUM(F24*H24),2) -> 329.28
A25: 1.3.7 | B25: COMP-PMF-04/26 | C25: EXECUÇÃO DE PAVIMENTO COM APLICAÇÃO DE PRÉ-MISTURADO A FRIO, CAMADA DE ROLAMENTO - EXCLUSIVE CARGA E TRANSPORTE. 04/2026 | D25: Composições Próprias | E25: M³ | F25: 66.57 | G25: 1056.34 | H25: =ROUND(SUM((G25*(1+$H$5))),2) -> 1370.81 | I25: =ROUND(SUM(F25*G25),2) -> 70320.55 | J25: =ROUND(SUM(F25*H25),2) -> 91254.82
A26: 1.3.8 | B26: 95876 | C26: TRANSPORTE COM CAMINHÃO BASCULANTE DE 14 M³, EM VIA URBANA PAVIMENTADA, DMT ATÉ 30 KM (UNIDADE: M3XKM). AF_02/2026 | D26: SINAPI | E26: M3XKM | F26: 1997.103 | G26: 2.53 | H26: =ROUND(SUM((G26*(1+$H$5))),2) -> 3.28 | I26: =ROUND(SUM(F26*G26),2) -> 5052.67 | J26: =ROUND(SUM(F26*H26),2) -> 6550.5
A27: 1.3.9 | B27: 93593 | C27: TRANSPORTE COM CAMINHÃO BASCULANTE DE 14 M³, EM VIA URBANA PAVIMENTADA, ADICIONAL PARA DMT EXCEDENTE A 30 KM (UNIDADE: M3XKM). AF_02/2026 | D27: SINAPI | E27: M3XKM | F27: 5525.31 | G27: 0.96 | H27: =ROUND(SUM((G27*(1+$H$5))),2) -> 1.25 | I27: =ROUND(SUM(F27*G27),2) -> 5304.3 | J27: =ROUND(SUM(F27*H27),2) -> 6906.64
A28: 1.3.10 | B28: 102330 | C28: TRANSPORTE COM CAMINHÃO TANQUE DE TRANSPORTE DE MATERIAL ASFÁLTICO DE 30000 L, EM VIA URBANA PAVIMENTADA, DMT ATÉ 30KM (UNIDADE: TXKM). AF_02/2026 | D28: SINAPI | E28: TXKM | F28: 335.51 | G28: 1.64 | H28: =ROUND(SUM((G28*(1+$H$5))),2) -> 2.13 | I28: =ROUND(SUM(F28*G28),2) -> 550.24 | J28: =ROUND(SUM(F28*H28),2) -> 714.64
A29: 1.3.11 | B29: 102331 | C29: TRANSPORTE COM CAMINHÃO TANQUE DE TRANSPORTE DE MATERIAL ASFÁLTICO DE 30000 L, EM VIA URBANA PAVIMENTADA, ADICIONAL PARA DMT EXCEDENTE A 30 KM (UNIDADE: TXKM). AF_02/2026 | D29: SINAPI | E29: TXKM | F29: 4451.14 | G29: 0.62 | H29: =ROUND(SUM((G29*(1+$H$5))),2) -> 0.8 | I29: =ROUND(SUM(F29*G29),2) -> 2759.71 | J29: =ROUND(SUM(F29*H29),2) -> 3560.91
A30: 1.3.12 | B30: 95876 | C30: TRANSPORTE COM CAMINHÃO BASCULANTE DE 14 M³, EM VIA URBANA PAVIMENTADA, DMT ATÉ 30 KM (UNIDADE: M3XKM). AF_02/2026 | D30: SINAPI | E30: M3XKM | F30: 42.4 | G30: 2.53 | H30: =ROUND(SUM((G30*(1+$H$5))),2) -> 3.28 | I30: =ROUND(SUM(F30*G30),2) -> 107.27 | J30: =ROUND(SUM(F30*H30),2) -> 139.07
A31: 1.3.13 | B31: 95876 | C31: TRANSPORTE COM CAMINHÃO BASCULANTE DE 14 M³, EM VIA URBANA PAVIMENTADA, DMT ATÉ 30 KM (UNIDADE: M3XKM). AF_02/2026 | D31: SINAPI | E31: M3XKM | F31: 256.37 | G31: 2.53 | H31: =ROUND(SUM((G31*(1+$H$5))),2) -> 3.28 | I31: =ROUND(SUM(F31*G31),2) -> 648.62 | J31: =ROUND(SUM(F31*H31),2) -> 840.89
A32: 1.4 | B32: RUA SETE DE SETEMBRO TRECHO DA ESQUINA COM A RUA MIGUEL BRAGA ATE A RUA COSTA SILVA | I32: =ROUND(SUM(I33:I42),2) -> 132437.76 | J32: =ROUND(SUM(J33:J42),2) -> 171867.51
A33: 1.4.1 | B33: COMP-PINT.DE.LIGAÇÃO | C33: PINTURA DE LIGAÇÃO ( EXECUÇÃO E FORNECIMENTO DO MATERIAL BETUMINOSO, EXCLUSIVETRANSPORTE DO MATERIAL BETUMINOSO ) 04/2026 | D33: Composições Próprias | E33: M² | F33: 3286.44 | G33: 1.97 | H33: =ROUND(SUM((G33*(1+$H$5))),2) -> 2.56 | I33: =ROUND(SUM(F33*G33),2) -> 6474.29 | J33: =ROUND(SUM(F33*H33),2) -> 8413.29
A34: 1.4.2 | B34: 102330 | C34: TRANSPORTE COM CAMINHÃO TANQUE DE TRANSPORTE DE MATERIAL ASFÁLTICO DE 30000 L, EM VIA URBANA PAVIMENTADA, DMT ATÉ 30KM (UNIDADE: TXKM). AF_02/2026 | D34: SINAPI | E34: TXKM | F34: 49.3 | G34: 1.64 | H34: =ROUND(SUM((G34*(1+$H$5))),2) -> 2.13 | I34: =ROUND(SUM(F34*G34),2) -> 80.85 | J34: =ROUND(SUM(F34*H34),2) -> 105.01
A35: 1.4.3 | B35: 102331 | C35: TRANSPORTE COM CAMINHÃO TANQUE DE TRANSPORTE DE MATERIAL ASFÁLTICO DE 30000 L, EM VIA URBANA PAVIMENTADA, ADICIONAL PARA DMT EXCEDENTE A 30 KM (UNIDADE: TXKM). AF_02/2026 | D35: SINAPI | E35: TXKM | F35: 609.63 | G35: 0.62 | H35: =ROUND(SUM((G35*(1+$H$5))),2) -> 0.8 | I35: =ROUND(SUM(F35*G35),2) -> 377.97 | J35: =ROUND(SUM(F35*H35),2) -> 487.7
A36: 1.4.4 | B36: COMP-PMF-04/26 | C36: EXECUÇÃO DE PAVIMENTO COM APLICAÇÃO DE PRÉ-MISTURADO A FRIO, CAMADA DE ROLAMENTO - EXCLUSIVE CARGA E TRANSPORTE. 04/2026 | D36: Composições Próprias | E36: M³ | F36: 98.59 | G36: 1056.34 | H36: =ROUND(SUM((G36*(1+$H$5))),2) -> 1370.81 | I36: =ROUND(SUM(F36*G36),2) -> 104144.56 | J36: =ROUND(SUM(F36*H36),2) -> 135148.16
A37: 1.4.5 | B37: 95876 | C37: TRANSPORTE COM CAMINHÃO BASCULANTE DE 14 M³, EM VIA URBANA PAVIMENTADA, DMT ATÉ 30 KM (UNIDADE: M3XKM). AF_02/2026 | D37: SINAPI | E37: M3XKM | F37: 2957.7 | G37: 2.53 | H37: =ROUND(SUM((G37*(1+$H$5))),2) -> 3.28 | I37: =ROUND(SUM(F37*G37),2) -> 7482.98 | J37: =ROUND(SUM(F37*H37),2) -> 9701.26
A38: 1.4.6 | B38: 93593 | C38: TRANSPORTE COM CAMINHÃO BASCULANTE DE 14 M³, EM VIA URBANA PAVIMENTADA, ADICIONAL PARA DMT EXCEDENTE A 30 KM (UNIDADE: M3XKM). AF_02/2026 | D38: SINAPI | E38: M3XKM | F38: 8182.97 | G38: 0.96 | H38: =ROUND(SUM((G38*(1+$H$5))),2) -> 1.25 | I38: =ROUND(SUM(F38*G38),2) -> 7855.65 | J38: =ROUND(SUM(F38*H38),2) -> 10228.71
A39: 1.4.7 | B39: 102330 | C39: TRANSPORTE COM CAMINHÃO TANQUE DE TRANSPORTE DE MATERIAL ASFÁLTICO DE 30000 L, EM VIA URBANA PAVIMENTADA, DMT ATÉ 30KM (UNIDADE: TXKM). AF_02/2026 | D39: SINAPI | E39: TXKM | F39: 496.89 | G39: 1.64 | H39: =ROUND(SUM((G39*(1+$H$5))),2) -> 2.13 | I39: =ROUND(SUM(F39*G39),2) -> 814.9 | J39: =ROUND(SUM(F39*H39),2) -> 1058.38
A40: 1.4.8 | B40: 102331 | C40: TRANSPORTE COM CAMINHÃO TANQUE DE TRANSPORTE DE MATERIAL ASFÁLTICO DE 30000 L, EM VIA URBANA PAVIMENTADA, ADICIONAL PARA DMT EXCEDENTE A 30 KM (UNIDADE: TXKM). AF_02/2026 | D40: SINAPI | E40: TXKM | F40: 6592.12 | G40: 0.62 | H40: =ROUND(SUM((G40*(1+$H$5))),2) -> 0.8 | I40: =ROUND(SUM(F40*G40),2) -> 4087.11 | J40: =ROUND(SUM(F40*H40),2) -> 5273.7
A41: 1.4.9 | B41: 95876 | C41: TRANSPORTE COM CAMINHÃO BASCULANTE DE 14 M³, EM VIA URBANA PAVIMENTADA, DMT ATÉ 30 KM (UNIDADE: M3XKM). AF_02/2026 | D41: SINAPI | E41: M3XKM | F41: 62.79 | G41: 2.53 | H41: =ROUND(SUM((G41*(1+$H$5))),2) -> 3.28 | I41: =ROUND(SUM(F41*G41),2) -> 158.86 | J41: =ROUND(SUM(F41*H41),2) -> 205.95
A42: 1.4.10 | B42: 95876 | C42: TRANSPORTE COM CAMINHÃO BASCULANTE DE 14 M³, EM VIA URBANA PAVIMENTADA, DMT ATÉ 30 KM (UNIDADE: M3XKM). AF_02/2026 | D42: SINAPI | E42: M3XKM | F42: 379.68 | G42: 2.53 | H42: =ROUND(SUM((G42*(1+$H$5))),2) -> 3.28 | I42: =ROUND(SUM(F42*G42),2) -> 960.59 | J42: =ROUND(SUM(F42*H42),2) -> 1245.35
A43: 1.5 | B43: RUA MIGUEL BRAGA TRECHO DA ESQUINA COM A SETE DE SETEMBRO ATE A AVENIDA PRESIDENTE MÉDICE | I43: =ROUND(SUM(I44:I53),2) -> 31729.17 | J43: =ROUND(SUM(J44:J53),2) -> 41175.67
A44: 1.5.1 | B44: COMP-PINT.DE.LIGAÇÃO | C44: PINTURA DE LIGAÇÃO ( EXECUÇÃO E FORNECIMENTO DO MATERIAL BETUMINOSO, EXCLUSIVETRANSPORTE DO MATERIAL BETUMINOSO ) 04/2026 | D44: Composições Próprias | E44: M² | F44: 787.36 | G44: 1.97 | H44: =ROUND(SUM((G44*(1+$H$5))),2) -> 2.56 | I44: =ROUND(SUM(F44*G44),2) -> 1551.1 | J44: =ROUND(SUM(F44*H44),2) -> 2015.64
A45: 1.5.2 | B45: 102330 | C45: TRANSPORTE COM CAMINHÃO TANQUE DE TRANSPORTE DE MATERIAL ASFÁLTICO DE 30000 L, EM VIA URBANA PAVIMENTADA, DMT ATÉ 30KM (UNIDADE: TXKM). AF_02/2026 | D45: SINAPI | E45: TXKM | F45: 11.81 | G45: 1.64 | H45: =ROUND(SUM((G45*(1+$H$5))),2) -> 2.13 | I45: =ROUND(SUM(F45*G45),2) -> 19.37 | J45: =ROUND(SUM(F45*H45),2) -> 25.16
A46: 1.5.3 | B46: 102331 | C46: TRANSPORTE COM CAMINHÃO TANQUE DE TRANSPORTE DE MATERIAL ASFÁLTICO DE 30000 L, EM VIA URBANA PAVIMENTADA, ADICIONAL PARA DMT EXCEDENTE A 30 KM (UNIDADE: TXKM). AF_02/2026 | D46: SINAPI | E46: TXKM | F46: 146.06 | G46: 0.62 | H46: =ROUND(SUM((G46*(1+$H$5))),2) -> 0.8 | I46: =ROUND(SUM(F46*G46),2) -> 90.56 | J46: =ROUND(SUM(F46*H46),2) -> 116.85
A47: 1.5.4 | B47: COMP-PMF-04/26 | C47: EXECUÇÃO DE PAVIMENTO COM APLICAÇÃO DE PRÉ-MISTURADO A FRIO, CAMADA DE ROLAMENTO - EXCLUSIVE CARGA E TRANSPORTE. 04/2026 | D47: Composições Próprias | E47: M³ | F47: 23.62 | G47: 1056.34 | H47: =ROUND(SUM((G47*(1+$H$5))),2) -> 1370.81 | I47: =ROUND(SUM(F47*G47),2) -> 24950.75 | J47: =ROUND(SUM(F47*H47),2) -> 32378.53
A48: 1.5.5 | B48: 95876 | C48: TRANSPORTE COM CAMINHÃO BASCULANTE DE 14 M³, EM VIA URBANA PAVIMENTADA, DMT ATÉ 30 KM (UNIDADE: M3XKM). AF_02/2026 | D48: SINAPI | E48: M3XKM | F48: 708.6 | G48: 2.53 | H48: =ROUND(SUM((G48*(1+$H$5))),2) -> 3.28 | I48: =ROUND(SUM(F48*G48),2) -> 1792.76 | J48: =ROUND(SUM(F48*H48),2) -> 2324.21
A49: 1.5.6 | B49: 93593 | C49: TRANSPORTE COM CAMINHÃO BASCULANTE DE 14 M³, EM VIA URBANA PAVIMENTADA, ADICIONAL PARA DMT EXCEDENTE A 30 KM (UNIDADE: M3XKM). AF_02/2026 | D49: SINAPI | E49: M3XKM | F49: 1960.46 | G49: 0.96 | H49: =ROUND(SUM((G49*(1+$H$5))),2) -> 1.25 | I49: =ROUND(SUM(F49*G49),2) -> 1882.04 | J49: =ROUND(SUM(F49*H49),2) -> 2450.58
A50: 1.5.7 | B50: 102330 | C50: TRANSPORTE COM CAMINHÃO TANQUE DE TRANSPORTE DE MATERIAL ASFÁLTICO DE 30000 L, EM VIA URBANA PAVIMENTADA, DMT ATÉ 30KM (UNIDADE: TXKM). AF_02/2026 | D50: SINAPI | E50: TXKM | F50: 119.04 | G50: 1.64 | H50: =ROUND(SUM((G50*(1+$H$5))),2) -> 2.13 | I50: =ROUND(SUM(F50*G50),2) -> 195.23 | J50: =ROUND(SUM(F50*H50),2) -> 253.56
A51: 1.5.8 | B51: 102331 | C51: TRANSPORTE COM CAMINHÃO TANQUE DE TRANSPORTE DE MATERIAL ASFÁLTICO DE 30000 L, EM VIA URBANA PAVIMENTADA, ADICIONAL PARA DMT EXCEDENTE A 30 KM (UNIDADE: TXKM). AF_02/2026 | D51: SINAPI | E51: TXKM | F51: 1579.33 | G51: 0.62 | H51: =ROUND(SUM((G51*(1+$H$5))),2) -> 0.8 | I51: =ROUND(SUM(F51*G51),2) -> 979.18 | J51: =ROUND(SUM(F51*H51),2) -> 1263.46
A52: 1.5.9 | B52: 95876 | C52: TRANSPORTE COM CAMINHÃO BASCULANTE DE 14 M³, EM VIA URBANA PAVIMENTADA, DMT ATÉ 30 KM (UNIDADE: M3XKM). AF_02/2026 | D52: SINAPI | E52: M3XKM | F52: 15.04 | G52: 2.53 | H52: =ROUND(SUM((G52*(1+$H$5))),2) -> 3.28 | I52: =ROUND(SUM(F52*G52),2) -> 38.05 | J52: =ROUND(SUM(F52*H52),2) -> 49.33
A53: 1.5.10 | B53: 95876 | C53: TRANSPORTE COM CAMINHÃO BASCULANTE DE 14 M³, EM VIA URBANA PAVIMENTADA, DMT ATÉ 30 KM (UNIDADE: M3XKM). AF_02/2026 | D53: SINAPI | E53: M3XKM | F53: 90.96 | G53: 2.53 | H53: =ROUND(SUM((G53*(1+$H$5))),2) -> 3.28 | I53: =ROUND(SUM(F53*G53),2) -> 230.13 | J53: =ROUND(SUM(F53*H53),2) -> 298.35
A54: 1.6 | B54: RUA JOANA D'ARC TRECHO DA ESQUINA COM A RUA DUXA ATE A RUA PINHEIROS | I54: =ROUND(SUM(I55:I64),2) -> 63982.34 | J54: =ROUND(SUM(J55:J64),2) -> 83031.33
A55: 1.6.1 | B55: COMP-PINT.DE.LIGAÇÃO | C55: PINTURA DE LIGAÇÃO ( EXECUÇÃO E FORNECIMENTO DO MATERIAL BETUMINOSO, EXCLUSIVETRANSPORTE DO MATERIAL BETUMINOSO ) 04/2026 | D55: Composições Próprias | E55: M² | F55: 1587.74 | G55: 1.97 | H55: =ROUND(SUM((G55*(1+$H$5))),2) -> 2.56 | I55: =ROUND(SUM(F55*G55),2) -> 3127.85 | J55: =ROUND(SUM(F55*H55),2) -> 4064.61
A56: 1.6.2 | B56: 102330 | C56: TRANSPORTE COM CAMINHÃO TANQUE DE TRANSPORTE DE MATERIAL ASFÁLTICO DE 30000 L, EM VIA URBANA PAVIMENTADA, DMT ATÉ 30KM (UNIDADE: TXKM). AF_02/2026 | D56: SINAPI | E56: TXKM | F56: 23.82 | G56: 1.64 | H56: =ROUND(SUM((G56*(1+$H$5))),2) -> 2.13 | I56: =ROUND(SUM(F56*G56),2) -> 39.06 | J56: =ROUND(SUM(F56*H56),2) -> 50.74
A57: 1.6.3 | B57: 102331 | C57: TRANSPORTE COM CAMINHÃO TANQUE DE TRANSPORTE DE MATERIAL ASFÁLTICO DE 30000 L, EM VIA URBANA PAVIMENTADA, ADICIONAL PARA DMT EXCEDENTE A 30 KM (UNIDADE: TXKM). AF_02/2026 | D57: SINAPI | E57: TXKM | F57: 294.53 | G57: 0.62 | H57: =ROUND(SUM((G57*(1+$H$5))),2) -> 0.8 | I57: =ROUND(SUM(F57*G57),2) -> 182.61 | J57: =ROUND(SUM(F57*H57),2) -> 235.62
A58: 1.6.4 | B58: COMP-PMF-04/26 | C58: EXECUÇÃO DE PAVIMENTO COM APLICAÇÃO DE PRÉ-MISTURADO A FRIO, CAMADA DE ROLAMENTO - EXCLUSIVE CARGA E TRANSPORTE. 04/2026 | D58: Composições Próprias | E58: M³ | F58: 47.63 | G58: 1056.34 | H58: =ROUND(SUM((G58*(1+$H$5))),2) -> 1370.81 | I58: =ROUND(SUM(F58*G58),2) -> 50313.47 | J58: =ROUND(SUM(F58*H58),2) -> 65291.68
A59: 1.6.5 | B59: 95876 | C59: TRANSPORTE COM CAMINHÃO BASCULANTE DE 14 M³, EM VIA URBANA PAVIMENTADA, DMT ATÉ 30 KM (UNIDADE: M3XKM). AF_02/2026 | D59: SINAPI | E59: M3XKM | F59: 1428.9 | G59: 2.53 | H59: =ROUND(SUM((G59*(1+$H$5))),2) -> 3.28 | I59: =ROUND(SUM(F59*G59),2) -> 3615.12 | J59: =ROUND(SUM(F59*H59),2) -> 4686.79
A60: 1.6.6 | B60: 93593 | C60: TRANSPORTE COM CAMINHÃO BASCULANTE DE 14 M³, EM VIA URBANA PAVIMENTADA, ADICIONAL PARA DMT EXCEDENTE A 30 KM (UNIDADE: M3XKM). AF_02/2026 | D60: SINAPI | E60: M3XKM | F60: 3953.29 | G60: 0.96 | H60: =ROUND(SUM((G60*(1+$H$5))),2) -> 1.25 | I60: =ROUND(SUM(F60*G60),2) -> 3795.16 | J60: =ROUND(SUM(F60*H60),2) -> 4941.61
A61: 1.6.7 | B61: 102330 | C61: TRANSPORTE COM CAMINHÃO TANQUE DE TRANSPORTE DE MATERIAL ASFÁLTICO DE 30000 L, EM VIA URBANA PAVIMENTADA, DMT ATÉ 30KM (UNIDADE: TXKM). AF_02/2026 | D61: SINAPI | E61: TXKM | F61: 240.06 | G61: 1.64 | H61: =ROUND(SUM((G61*(1+$H$5))),2) -> 2.13 | I61: =ROUND(SUM(F61*G61),2) -> 393.7 | J61: =ROUND(SUM(F61*H61),2) -> 511.33
A62: 1.6.8 | B62: 102331 | C62: TRANSPORTE COM CAMINHÃO TANQUE DE TRANSPORTE DE MATERIAL ASFÁLTICO DE 30000 L, EM VIA URBANA PAVIMENTADA, ADICIONAL PARA DMT EXCEDENTE A 30 KM (UNIDADE: TXKM). AF_02/2026 | D62: SINAPI | E62: TXKM | F62: 3184.73 | G62: 0.62 | H62: =ROUND(SUM((G62*(1+$H$5))),2) -> 0.8 | I62: =ROUND(SUM(F62*G62),2) -> 1974.53 | J62: =ROUND(SUM(F62*H62),2) -> 2547.78
A63: 1.6.9 | B63: 95876 | C63: TRANSPORTE COM CAMINHÃO BASCULANTE DE 14 M³, EM VIA URBANA PAVIMENTADA, DMT ATÉ 30 KM (UNIDADE: M3XKM). AF_02/2026 | D63: SINAPI | E63: M3XKM | F63: 30.34 | G63: 2.53 | H63: =ROUND(SUM((G63*(1+$H$5))),2) -> 3.28 | I63: =ROUND(SUM(F63*G63),2) -> 76.76 | J63: =ROUND(SUM(F63*H63),2) -> 99.52
A64: 1.6.10 | B64: 95876 | C64: TRANSPORTE COM CAMINHÃO BASCULANTE DE 14 M³, EM VIA URBANA PAVIMENTADA, DMT ATÉ 30 KM (UNIDADE: M3XKM). AF_02/2026 | D64: SINAPI | E64: M3XKM | F64: 183.43 | G64: 2.53 | H64: =ROUND(SUM((G64*(1+$H$5))),2) -> 3.28 | I64: =ROUND(SUM(F64*G64),2) -> 464.08 | J64: =ROUND(SUM(F64*H64),2) -> 601.65
A65: 1.7 | B65: RUA PINHEIROS | I65: =ROUND(SUM(I66:I75),2) -> 32562.3 | J65: =ROUND(SUM(J66:J75),2) -> 42256.83
A66: 1.7.1 | B66: COMP-PINT.DE.LIGAÇÃO | C66: PINTURA DE LIGAÇÃO ( EXECUÇÃO E FORNECIMENTO DO MATERIAL BETUMINOSO, EXCLUSIVETRANSPORTE DO MATERIAL BETUMINOSO ) 04/2026 | D66: Composições Próprias | E66: M² | F66: 808.15 | G66: 1.97 | H66: =ROUND(SUM((G66*(1+$H$5))),2) -> 2.56 | I66: =ROUND(SUM(F66*G66),2) -> 1592.06 | J66: =ROUND(SUM(F66*H66),2) -> 2068.86
A67: 1.7.2 | B67: 102330 | C67: TRANSPORTE COM CAMINHÃO TANQUE DE TRANSPORTE DE MATERIAL ASFÁLTICO DE 30000 L, EM VIA URBANA PAVIMENTADA, DMT ATÉ 30KM (UNIDADE: TXKM). AF_02/2026 | D67: SINAPI | E67: TXKM | F67: 12.12 | G67: 1.64 | H67: =ROUND(SUM((G67*(1+$H$5))),2) -> 2.13 | I67: =ROUND(SUM(F67*G67),2) -> 19.88 | J67: =ROUND(SUM(F67*H67),2) -> 25.82
A68: 1.7.3 | B68: 102331 | C68: TRANSPORTE COM CAMINHÃO TANQUE DE TRANSPORTE DE MATERIAL ASFÁLTICO DE 30000 L, EM VIA URBANA PAVIMENTADA, ADICIONAL PARA DMT EXCEDENTE A 30 KM (UNIDADE: TXKM). AF_02/2026 | D68: SINAPI | E68: TXKM | F68: 149.91 | G68: 0.62 | H68: =ROUND(SUM((G68*(1+$H$5))),2) -> 0.8 | I68: =ROUND(SUM(F68*G68),2) -> 92.94 | J68: =ROUND(SUM(F68*H68),2) -> 119.93
A69: 1.7.4 | B69: COMP-PMF-04/26 | C69: EXECUÇÃO DE PAVIMENTO COM APLICAÇÃO DE PRÉ-MISTURADO A FRIO, CAMADA DE ROLAMENTO - EXCLUSIVE CARGA E TRANSPORTE. 04/2026 | D69: Composições Próprias | E69: M³ | F69: 24.24 | G69: 1056.34 | H69: =ROUND(SUM((G69*(1+$H$5))),2) -> 1370.81 | I69: =ROUND(SUM(F69*G69),2) -> 25605.68 | J69: =ROUND(SUM(F69*H69),2) -> 33228.43
A70: 1.7.5 | B70: 95876 | C70: TRANSPORTE COM CAMINHÃO BASCULANTE DE 14 M³, EM VIA URBANA PAVIMENTADA, DMT ATÉ 30 KM (UNIDADE: M3XKM). AF_02/2026 | D70: SINAPI | E70: M3XKM | F70: 727.2 | G70: 2.53 | H70: =ROUND(SUM((G70*(1+$H$5))),2) -> 3.28 | I70: =ROUND(SUM(F70*G70),2) -> 1839.82 | J70: =ROUND(SUM(F70*H70),2) -> 2385.22
A71: 1.7.6 | B71: 93593 | C71: TRANSPORTE COM CAMINHÃO BASCULANTE DE 14 M³, EM VIA URBANA PAVIMENTADA, ADICIONAL PARA DMT EXCEDENTE A 30 KM (UNIDADE: M3XKM). AF_02/2026 | D71: SINAPI | E71: M3XKM | F71: 2011.92 | G71: 0.96 | H71: =ROUND(SUM((G71*(1+$H$5))),2) -> 1.25 | I71: =ROUND(SUM(F71*G71),2) -> 1931.44 | J71: =ROUND(SUM(F71*H71),2) -> 2514.9
A72: 1.7.7 | B72: 102330 | C72: TRANSPORTE COM CAMINHÃO TANQUE DE TRANSPORTE DE MATERIAL ASFÁLTICO DE 30000 L, EM VIA URBANA PAVIMENTADA, DMT ATÉ 30KM (UNIDADE: TXKM). AF_02/2026 | D72: SINAPI | E72: TXKM | F72: 122.17 | G72: 1.64 | H72: =ROUND(SUM((G72*(1+$H$5))),2) -> 2.13 | I72: =ROUND(SUM(F72*G72),2) -> 200.36 | J72: =ROUND(SUM(F72*H72),2) -> 260.22
A73: 1.7.8 | B73: 102331 | C73: TRANSPORTE COM CAMINHÃO TANQUE DE TRANSPORTE DE MATERIAL ASFÁLTICO DE 30000 L, EM VIA URBANA PAVIMENTADA, ADICIONAL PARA DMT EXCEDENTE A 30 KM (UNIDADE: TXKM). AF_02/2026 | D73: SINAPI | E73: TXKM | F73: 1620.78 | G73: 0.62 | H73: =ROUND(SUM((G73*(1+$H$5))),2) -> 0.8 | I73: =ROUND(SUM(F73*G73),2) -> 1004.88 | J73: =ROUND(SUM(F73*H73),2) -> 1296.62
A74: 1.7.9 | B74: 95876 | C74: TRANSPORTE COM CAMINHÃO BASCULANTE DE 14 M³, EM VIA URBANA PAVIMENTADA, DMT ATÉ 30 KM (UNIDADE: M3XKM). AF_02/2026 | D74: SINAPI | E74: M3XKM | F74: 15.44 | G74: 2.53 | H74: =ROUND(SUM((G74*(1+$H$5))),2) -> 3.28 | I74: =ROUND(SUM(F74*G74),2) -> 39.06 | J74: =ROUND(SUM(F74*H74),2) -> 50.64
A75: 1.7.10 | B75: 95876 | C75: TRANSPORTE COM CAMINHÃO BASCULANTE DE 14 M³, EM VIA URBANA PAVIMENTADA, DMT ATÉ 30 KM (UNIDADE: M3XKM). AF_02/2026 | D75: SINAPI | E75: M3XKM | F75: 93.35 | G75: 2.53 | H75: =ROUND(SUM((G75*(1+$H$5))),2) -> 3.28 | I75: =ROUND(SUM(F75*G75),2) -> 236.18 | J75: =ROUND(SUM(F75*H75),2) -> 306.19
H76: VALOR BDI TOTAL: | J76: =ROUND(SUM(J78-J77),2) -> 110863.51
H77: VALOR ORÇAMENTO: | J77: =I9 -> 372373.62
H78: VALOR TOTAL: | J78: =J9 -> 483237.13
C83: ________________________________________________________ | G83: _________________________________________________
C84: MAX HENRIQUE VELOSO DA SILVA | G84: HERCULES VANDY DURÃES DA FONSECA
C85: ENGENHEIRO CIVIL - CREA: 248.998/D - MG | G85: PREFEITO MUNICIPAL DE LAGOA DOS PATOS-MG

Sheet RESUMO
A1: PLANILHA RESUMO - RECAPEAMENTO ASFÁLTICO DE VIAS
A2: DESCRIÇÃO | B2: QUANTIDADE | C2: UNIDADE | D2: VALOR
A3: SERVIÇOS PRELIMINARES
A4: SERVIÇOS PRELIMINARES - PLACA DE OBRA | B4: 1 | C4: UND | D4: =ORÇAMENTO!J11 -> 1540.5
A5: SERVIÇOS PRELIMINARES - ADMINISTRAÇÃO LOCAL | B5: 1 | C5: UND | D5: =ORÇAMENTO!J12 -> 14536.11
A6: SERVIÇOS PRELIMINARES - MOBILIZAÇÃO E DESMOBILIZAÇÃO | B6: 1 | C6: UND | D6: =ORÇAMENTO!J13 -> 12291.48
A7: =ORÇAMENTO!B14 -> DEMOLIÇÕES E REMOÇÕES | B7: 1 | C7: UND | D7: =ORÇAMENTO!J14 -> 369.31
A8: RECAPEAMENTO ASFÁLTICO EM PMF
A9: =ORÇAMENTO!B18 -> AVENIDA PRESIDENTE MÉDICE DO TRECHO DA ESQUINA COM RUA SEVERO CARDOSO ATE A ESQUINA COM RUA 2 | B9: =ORÇAMENTO!F22 -> 2218.89 | C9: M² | D9: =ORÇAMENTO!J18 -> 116168.39
A10: =ORÇAMENTO!B32 -> RUA SETE DE SETEMBRO TRECHO DA ESQUINA COM A RUA MIGUEL BRAGA ATE A RUA COSTA SILVA | B10: =ORÇAMENTO!F33 -> 3286.44 | C10: M² | D10: =ORÇAMENTO!J32 -> 171867.51
A11: =ORÇAMENTO!B43 -> RUA MIGUEL BRAGA TRECHO DA ESQUINA COM A SETE DE SETEMBRO ATE A AVENIDA PRESIDENTE MÉDICE | B11: =ORÇAMENTO!F44 -> 787.36 | C11: M² | D11: =ORÇAMENTO!J43 -> 41175.67 | F11: =SUM(B9:B13) -> 8688.58 | G11: =D14/F11 -> 55.617504
A12: =ORÇAMENTO!B54 -> RUA JOANA D'ARC TRECHO DA ESQUINA COM A RUA DUXA ATE A RUA PINHEIROS | B12: =ORÇAMENTO!F55 -> 1587.74 | C12: M² | D12: =ORÇAMENTO!J54 -> 83031.33
A13: =ORÇAMENTO!B65 -> RUA PINHEIROS | B13: =ORÇAMENTO!F66 -> 808.15 | C13: M² | D13: =ORÇAMENTO!J65 -> 42256.83
A14: VALOR TOTAL ESTIMADO | D14: =ROUND(SUM(D4:D13),2) -> 483237.13
A19: ____________________________________________________
A20: =[2]COMPOSIÇÕES!B61 -> MAX HENRIQUE VELOSO DA SILVA
A21: =[2]COMPOSIÇÕES!B62 -> ENGENHEIRO CIVIL - CREA: 248.998/D - MG

Sheet COMPOSIÇÕES
A1: COMPOSIÇÕES DE PREÇO UNITÁRIO - CPU
A2: OBJETO: | B2: RECAPEAMENTO ASFÁLTICO EM PRÉ-MISTURADO A FRIO (PMF), EM DIVERSAS VIAS DA SEDE DO MUNICIPIO DE LAGOA DOS PATOS - MG
A3: LOCAL: | B3: LAGOA DOS PATOS - MG | E3: ='[2]BDI-DESONERADO'!D19 -> 0.29769429
E4: 46174
A6: ​COMP_2024-09_ADM-LOCAL​ ADMINISTRAÇÃO LOCAL DE OBRAS, COMPOSTO DE ENGENHEIRO CIVIL E ENCARREGADO GERAL - REFERÊNCIA 2024/09​ (MÊS)
A7: Mão de Obra com Encargos Complementares | C7: FONTE | D7: UNID | E7: COEFICIENTE | F7: PREÇO UNITÁRIO | G7: TOTAL
A8: 90776 | B8: ENCARREGADO GERAL COM ENCARGOS COMPLEMENTARES | C8: SINAPI | D8: H | E8: 160 | F8: 56.34 | G8: 9014.4
A9: 90778 | B9: ENGENHEIRO CIVIL DE OBRA PLENO COM ENCARGOS COMPLEMENTARES | C9: SINAPI | D9: H | E9: 16 | F9: 136.69 | G9: 2187.04
E10: TOTAL Mão de Obra com Encargos Complementares: | G10: 11201.44
E11: VALOR: | G11: 11201.44
A13: ​COMP-IMPRIMA-EAI​ IMPRIMAÇÃO ( EXECUÇÃO E FORNECIMENTO DO MATERIAL BETUMINOSO, EXCLUSIVE TRANSPORTE DO MATERIAL BETUMINOSO​ (M²)
A14: EQUIPAMENTOS | C14: QUANT | E14: CUSTO OPERACIONAL | G14: CUSTO HORÁRIO
D15: IMPR | E15: PROD | F15: IMPR
A16: 92242 | B16: CAMINHÃO DE TRANSPORTE DE MATERIAL ASFÁLTICO 20.000 L, COM CAVALO MECÂNICO DE CAPACIDADE MÁXIMA DE TRAÇÃO COMBINADO DE 45.000 KG, POTÊNCIA 330 CV, INCLUSIVE TANQUE DE ASFALTO COM MAÇARICO - CHP DIURNO. AF_12/2015 | C16: 1 | D16: 0 | E16: 462.91 | F16: 0 | G16: 462.91
A17: 96155 | B17: TRATOR DE PNEUS COM POTÊNCIA DE 85 CV, TRAÇÃO 4X4, COM VASSOURA MECÂNICA ACOPLADA - CHI DIURNO. AF_02/2017 | C17: 1 | D17: 0.21 | E17: 0 | F17: 65.6 | G17: 13.776
A18: 96157 | B18: TRATOR DE PNEUS COM POTÊNCIA DE 85 CV, TRAÇÃO 4X4, COM VASSOURA MECÂNICA ACOPLADA - CHP DIURNO. AF_03/2017 | C18: 1 | D18: 0 | E18: 165.88 | F18: 0 | G18: 131.0452
E19: TOTAL EQUIPAMENTOS: | G19: 607.7312
A20: MÃO DE OBRA | D20: UNID | E20: CONSUMO | F20: SALÁRIO HORA | G20: CUSTO HORÁRIO
A21: 00004083 | B21: ENCARREGADO GERAL DE OBRAS (HORISTA) | D21: H | E21: 0.1 | F21: 48.94 | G21: 4.89
A22: 88316 | B22: SERVENTE COM ENCARGOS COMPLEMENTARES | D22: H | E22: 4 | F22: 23.58 | G22: 94.32
E23: TOTAL MÃO DE OBRA: | G23: 99.21
E24: Custo Horário da Execução: | G24: 706.9412
E25: Produção da Equipe: | G25: 1080
E26: Custo Unitário da Execução: | G26: 0.6546
A27: MATERIAIS | D27: UNID | E27: CONSUMO | F27: VALOR UNITÁRIO | G27: CUSTO UNITÁRIO
A28: 68.09.10 | B28: EMULSÃO ASFÁLTICA PARA IMPRIMAÇÃO - EAI | D28: T | E28: 0.0012 | F28: 2314.69 | G28: 2.78
E29: TOTAL MATERIAIS: | G29: 2.78
E30: Custo Direto Total: | G30: 3.4346
E31: VALOR: | G31: 3.43
A33: ​COMP-PINT.DE.LIGAÇÃO​ PINTURA DE LIGAÇÃO ( EXECUÇÃO E FORNECIMENTO DO MATERIAL BETUMINOSO, EXCLUSIVE TRANSPORTE DO MATERIAL BETUMINOSO ) 01/2026​ (M²)
A34: EQUIPAMENTOS | C34: QUANT | E34: CUSTO OPERACIONAL | G34: CUSTO HORÁRIO
D35: IMPR | E35: PROD | F35: IMPR
A36: 92242 | B36: CAMINHÃO DE TRANSPORTE DE MATERIAL ASFÁLTICO 20.000 L, COM CAVALO MECÂNICO DE CAPACIDADE MÁXIMA DE TRAÇÃO COMBINADO DE 45.000 KG, POTÊNCIA 330 CV, INCLUSIVE TANQUE DE ASFALTO COM MAÇARICO - CHP DIURNO. AF_12/2015 | C36: 1 | D36: 0 | E36: 462.91 | F36: 0 | G36: 462.91
A37: 96155 | B37: TRATOR DE PNEUS COM POTÊNCIA DE 85 CV, TRAÇÃO 4X4, COM VASSOURA MECÂNICA ACOPLADA - CHI DIURNO. AF_02/2017 | C37: 1 | D37: 0.21 | E37: 0 | F37: 65.6 | G37: 13.776
A38: 96157 | B38: TRATOR DE PNEUS COM POTÊNCIA DE 85 CV, TRAÇÃO 4X4, COM VASSOURA MECÂNICA ACOPLADA - CHP DIURNO. AF_03/2017 | C38: 1 | D38: 0 | E38: 165.88 | F38: 0 | G38: 131.0452
E39: TOTAL EQUIPAMENTOS: | G39: 607.7312
A40: MÃO DE OBRA | D40: UNID | E40: CONSUMO | F40: SALÁRIO HORA | G40: CUSTO HORÁRIO
A41: 00004083 | B41: ENCARREGADO GERAL DE OBRAS (HORISTA) | D41: H | E41: 0.1 | F41: 48.94 | G41: 4.89
A42: 88316 | B42: SERVENTE COM ENCARGOS COMPLEMENTARES | D42: H | E42: 4 | F42: 23.58 | G42: 94.32
E43: TOTAL MÃO DE OBRA: | G43: 99.21
E44: Custo Horário da Execução: | G44: 706.9412
E45: Produção da Equipe: | G45: 1580
E46: Custo Unitário da Execução: | G46: 0.4474
A47: MATERIAIS | D47: UNID | E47: CONSUMO | F47: VALOR UNITÁRIO | G47: CUSTO UNITÁRIO
A48: 68.09.21 | B48: EMULSÃO ASFÁLTICA CATIÔNICA RR-2C PARA USO EM PAVIMENTAÇÃO ASFÁLTICA (COLETADO NA ANP ACRESCIDO DE ICMS) | D48: T | E48: 0.0005 | F48: 3047.27 | G48: 1.52
E49: TOTAL MATERIAIS: | G49: 1.52
E50: Custo Direto Total: | G50: 1.9674
E51: VALOR: | G51: 1.97
A53: ​COMP-PMF-04/26​ EXECUÇÃO DE PAVIMENTO COM APLICAÇÃO DE PRÉ-MISTURADO A FRIO, CAMADA DE ROLAMENTO - EXCLUSIVE CARGA E TRANSPORTE. 04/2026​ (M³)
A54: Equipamento Custo Horário | C54: FONTE | D54: UNID | E54: COEFICIENTE | F54: PREÇO UNITÁRIO | G54: TOTAL
A55: 91386 | B55: CAMINHÃO BASCULANTE 10 M3, TRUCADO CABINE SIMPLES, PESO BRUTO TOTAL 23.000 KG, CARGA ÚTIL MÁXIMA 15.935 KG, DISTÂNCIA ENTRE EIXOS 4,80 M, POTÊNCIA 230 CV INCLUSIVE CAÇAMBA METÁLICA - CHP DIURNO. AF_06/2014 | C55: SINAPI | D55: CHP | E55: 0.03 | F55: 298.99 | G55: 8.97
A56: 93422 | B56: GRUPO GERADOR REBOCÁVEL, POTÊNCIA 66 KVA, MOTOR A DIESEL - CHI DIURNO. AF_03/2016 | C56: SINAPI | D56: CHI | E56: 0.016646 | F56: 6.73 | G56: 0.11
A57: 93421 | B57: GRUPO GERADOR REBOCÁVEL, POTÊNCIA 66 KVA, MOTOR A DIESEL - CHP DIURNO. AF_03/2016 | C57: SINAPI | D57: CHP | E57: 0.057283 | F57: 89.53 | G57: 5.13
A58: 5942 | B58: PÁ CARREGADEIRA SOBRE RODAS, POTÊNCIA LÍQUIDA 128 HP, CAPACIDADE DA CAÇAMBA 1,7 A 2,8 M3, PESO OPERACIONAL 11632 KG - CHI DIURNO. AF_06/2014 | C58: SINAPI | D58: CHI | E58: 0.061934 | F58: 82.77 | G58: 5.13
A59: 96464 | B59: ROLO COMPACTADOR DE PNEUS, ESTÁTICO, PRESSÃO VARIÁVEL, POTÊNCIA 110 HP, PESO SEM/COM LASTRO 10,8/27 T, LARGURA DE ROLAGEM 2,30 M - CHI DIURNO. AF_06/2017 | C59: SINAPI | D59: CHI | E59: 0.06 | F59: 92.13 | G59: 5.53
A60: 96463 | B60: ROLO COMPACTADOR DE PNEUS, ESTÁTICO, PRESSÃO VARIÁVEL, POTÊNCIA 110 HP, PESO SEM/COM LASTRO 10,8/27 T, LARGURA DE ROLAGEM 2,30 M - CHP DIURNO. AF_06/2017 | C60: SINAPI | D60: CHP | E60: 0.03 | F60: 229.65 | G60: 6.89
A61: 95632 | B61: ROLO COMPACTADOR VIBRATORIO TANDEM, ACO LISO, POTENCIA 125 HP, PESO SEM/COM LASTRO 10,20/11,65 T, LARGURA DE TRABALHO 1,73 M - CHI DIURNO. AF_11/2016 | C61: SINAPI | D61: CHI | E61: 0.04 | F61: 85.86 | G61: 3.43
A62: 95631 | B62: ROLO COMPACTADOR VIBRATORIO TANDEM, ACO LISO, POTENCIA 125 HP, PESO SEM/COM LASTRO 10,20/11,65 T, LARGURA DE TRABALHO 1,73 M - CHP DIURNO. AF_11/2016 | C62: SINAPI | D62: CHP | E62: 0.05 | F62: 246.9 | G62: 12.35
A63: 7030 | B63: TANQUE DE ASFALTO ESTACIONÁRIO COM SERPENTINA, CAPACIDADE 30.000 L - CHP DIURNO. AF_05/2023 | C63: SINAPI | D63: CHP | E63: 0.147614 | F63: 312.63 | G63: 46.15
A64: 96155 | B64: TRATOR DE PNEUS COM POTÊNCIA DE 85 CV, TRAÇÃO 4X4, COM VASSOURA MECÂNICA ACOPLADA - CHI DIURNO. AF_02/2017 | C64: SINAPI | D64: CHI | E64: 0.05 | F64: 65.6 | G64: 3.28
A65: 96157 | B65: TRATOR DE PNEUS COM POTÊNCIA DE 85 CV, TRAÇÃO 4X4, COM VASSOURA MECÂNICA ACOPLADA - CHP DIURNO. AF_03/2017 | C65: SINAPI | D65: CHP | E65: 0.03 | F65: 165.88 | G65: 4.98
A66: 93440 | B66: USINA DE ASFALTO À FRIO, CAPACIDADE DE 40 A 60 TON/HORA, ELÉTRICA POTÊNCIA 30 CV - CHI DIURNO. AF_05/2023 | C66: SINAPI | D66: CHI | E66: 0.016646 | F66: 152.09 | G66: 2.53
... A69: 5835 | B69: VIBROACABADORA DE ASFALTO SOBRE ESTEIRAS, LARGURA DE PAVIMENTAÇÃO 1,90 M A 5,30 M, POTÊNCIA 105 HP CAPACIDADE 450 T/H - CHP DIURNO. AF_11/2014 | C69: SINAPI | D69: CHP | E69: 0.03 | F69: 399.16 | G69: 11.97
E70: TOTAL Equipamento Custo Horário: | G70: 142.51
A71: Material | C71: FONTE | D71: UNID | E71: COEFICIENTE | F71: PREÇO UNITÁRIO | G71: TOTAL
A72: 00000370 | B72: AREIA MEDIA - POSTO JAZIDA/FORNECEDOR (RETIRADO NA JAZIDA, SEM TRANSPORTE) | C72: SINAPI | D72: M3 | E72: 0.39168 | F72: 177 | G72: 69.33
A73: 00001106 | B73: CAL HIDRATADA CH-I PARA ARGAMASSAS | C73: SINAPI | D73: KG | E73: 90.39852 | F73: 1.26 | G73: 113.9
A74: MATED-7635 | B74: EMULSÃO ASFÁLTICA (TIPO: RL-1C|APLICAÇÃO: PAVIMENTAÇÃO ASFÁLTICA|ICMS: INCLUSO) | C74: SETOP | D74: ton | E74: 0.188251 | F74: 2983.46 | G74: 561.64
A75: 00004720 | B75: PEDRA BRITADA N. 0, OU PEDRISCO (4,8 A 9,5 MM) POSTO PEDREIRA/FORNECEDOR, SEM FRETE | C75: SINAPI | D75: M3 | E75: 0.589968 | F75: 146.53 | G75: 86.45
A76: 00004721 | B76: PEDRA BRITADA N. 1 (9,5 A 19 MM) POSTO PEDREIRA/FORNECEDOR, SEM FRETE | C76: SINAPI | D76: M3 | E76: 0.464386 | F76: 126.92 | G76: 58.94
E77: TOTAL Material: | G77: 890.26
A78: Mão de Obra com Encargos Complementares | C78: FONTE | D78: UNID | E78: COEFICIENTE | F78: PREÇO UNITÁRIO | G78: TOTAL
A79: 90776 | B79: ENCARREGADO GERAL COM ENCARGOS COMPLEMENTARES | C79: SINAPI | D79: H | E79: 0.073685 | F79: 56.34 | G79: 4.15
A80: 88314 | B80: RASTELEIRO COM ENCARGOS COMPLEMENTARES | C80: SINAPI | D80: H | E80: 0.69 | F80: 23.1 | G80: 15.94
A81: 88316 | B81: SERVENTE COM ENCARGOS COMPLEMENTARES | C81: SINAPI | D81: H | E81: 0.147614 | F81: 23.58 | G81: 3.48
E82: TOTAL Mão de Obra com Encargos Complementares: | G82: 23.57
E83: VALOR: | G83: 1056.34
B88: ____________________________________________________
B89: =RESUMO!A20 -> MAX HENRIQUE VELOSO DA SILVA
B90: =RESUMO!A21 -> ENGENHEIRO CIVIL - CREA: 248.998/D - MG

Sheet BDI-DESONERADO
A1: DETALHAMENTO DO BDI COM DESONERAÇÃO
A2: Projeto: RECAPEAMENTO ASFÁLTICO EM PRÉ-MISTURADO A FRIO (PMF), EM DIVERSAS VIAS DA SEDE DO MUNICIPIO DE LAGOA DOS PATOS - MG
A3: Local: Município de Lagoa dos Patos /MG
A4: Tipo de obra: Construção de Praças Urbanas, Rodovias, Ferrovias e recapeamento e pavimentação de vias urbanas
A5: Conforme legislação tributária municipal, definir estimativa de percentual da base de cálculo para o ISS: 100,00 Sobre a base de cálculo, definir a respectiva alíquota do ISS (entre 2% e 5%): 5,0
F6: TAXA DE TRIBUTOS
B7: SIGLA | C7: COMPOSIÇÃO DO BDI: | D7: PERCENTUAIS (%) | F7: PIS = | G7: 0.0065
F8: CONFINS = | G8: 0.03
B9: AC | C9: ADMINISTRAÇÃO CENTRAL | D9: 0.038 | F9: ISS= | G9: 0.05
B10: S | C10: TAXA DE SEGUROS / GARANTIAS | D10: 0
B11: SG | C11: TAXA DE GARANTIAS | D11: 0.0032
B12: R | C12: TAXA DE RISCOS | D12: 0.005 | F12: I = | G12: =SUM(G7:G9) -> 0.0865
B13: DF | C13: TAXA DE DESPESAS/FINANCEIRAS | D13: 0.0102
B14: L | C14: TAXA DE LUCROS/REMUNERAÇÃO | D14: 0.0664
B15: I | C15: TAXA DE TRIBUTOS | D15: 0.0865
B16: CPRB | C16: CPRB | D16: 0.045
C19: BDI CALCULADO= | D19: =(1+(D9+D10+D11+D12))*(1+D13)*(1+D14)/(1-(D15+D16))-1 -> 0.29769429
I20: BDI % = (1+(AC+S+R+G))*(1+DF)*(1+L)/(1-I)-1
C29: MAX HENRIQUE VELOSO DA SILVA
C30: ENG. CIVIL CREA/MG 248.998/D

Sheet CRONOGRAMA
A1: CRONOGRAMA FÍSICO-FINANCEIRO
A2: OBJETO: | B2: =[2]COMPOSIÇÕES!B2 -> RECAPEAMENTO ASFÁLTICO EM PRÉ-MISTURADO A FRIO (PMF), EM DIVERSAS VIAS DA SEDE DO MUNICIPIO DE LAGOA DOS PATOS - MG | H2: =ORÇAMENTO!J2 -> 46174
A3: LOCAL: | B3: =[2]COMPOSIÇÕES!B3 -> LAGOA DOS PATOS - MG | G3: PRAZO DE EXECUÇÃO: | H3: 2 MESES
A4: DATA BASE: | B4: =ORÇAMENTO!A5 -> REGIÃO/MÊS DE REFERÊNCIA: SINAPI -04/2026 - DESONERADO / SETOP - 01/2026 - NORTE DESONERADO / SUDECAP - 01/2026 - DESONERADO / SICRO NOVO - 01/2026 - DESONERADO | G4: VALOR TOTAL DA OBRA | H4: =RESUMO!D14 -> 483237.13 | I4: (ALTERAR CONFORME O ORÇAMENTO)
A6: ITEM | B6: ETAPA | E6: FÍSICO/FINANCEIRO GLOBAL | G6: FÍSICO/FINANCEIRO
G7: MÊS 1 | H7: MÊS 2
A8: 1 | B8: =B2 -> RECAPEAMENTO ASFÁLTICO EM PRÉ-MISTURADO A FRIO (PMF), EM DIVERSAS VIAS DA SEDE DO MUNICIPIO DE LAGOA DOS PATOS - MG | E8: Físico % | F8: =F9/F9 -> 1 | G8: =G9/$F$9 -> 0.448342 | H8: =H9/$F$9 -> 0.551658
E9: Financeiro | F9: =H4 -> 483237.13 | G9: =G11+G15+G17+G19+G21+G23+G13 -> 216655.5 | H9: =H11+H15+H17+H19+H21+H23 -> 266581.63 | J9: =G9+H9 -> 483237.13
A10: 1.1 | B10: =VLOOKUP(A10,[3]ORÇAMENTO!$A$1:$J$65536,2,FALSE) -> SERVIÇOS PRELIMINARES | E10: Físico % | F10: =F11/$F$9 -> 0.058704285 | G10: 0.5 | H10: 0.5 | I10: =G10+H10 -> 1
E11: Financeiro | F11: =ORÇAMENTO!J10 -> 28368.09 | G11: =$F$11*G10 -> 14184.045 | H11: =$F$11*H10 -> 14184.045
A12: 1.2 | B12: =RESUMO!A7 -> DEMOLIÇÕES E REMOÇÕES | E12: Físico % | F12: =F13/$F$9 -> 0.00076424177 | G12: 1 | I12: =G12+H12 -> 1
E13: Financeiro | F13: =ORÇAMENTO!J14 -> 369.31 | G13: =$F$13*G12 -> 369.31 | H13: =$F$13*H12 -> 0
A14: 1.3 | B14: =RESUMO!A9 -> AVENIDA PRESIDENTE MÉDICE DO TRECHO DA ESQUINA COM RUA SEVERO CARDOSO ATE A ESQUINA COM RUA 2 | E14: Físico % | F14: =F15/$F$9 -> 0.24039624 | G14: 1 | I14: =G14+H14 -> 1
E15: Financeiro | F15: =ORÇAMENTO!J18 -> 116168.39 | G15: =$F$15*G14 -> 116168.39 | H15: =$F$15*H14 -> 0
A16: 1.4 | B16: =RESUMO!A10 -> RUA SETE DE SETEMBRO TRECHO DA ESQUINA COM A RUA MIGUEL BRAGA ATE A RUA COSTA SILVA | E16: Físico % | F16: =F17/$F$9 -> 0.35565874 | G16: 0.5 | H16: 0.5 | I16: =G16+H16 -> 1
E17: Financeiro | F17: =ORÇAMENTO!J32 -> 171867.51 | G17: =$F$17*G16 -> 85933.755 | H17: =$F$17*H16 -> 85933.755
A18: 1.5 | B18: =RESUMO!A11 -> RUA MIGUEL BRAGA TRECHO DA ESQUINA COM A SETE DE SETEMBRO ATE A AVENIDA PRESIDENTE MÉDICE | E18: Físico % | F18: =F19/$F$9 -> 0.085208001 | H18: 1 | I18: =G18+H18 -> 1
E19: Financeiro | F19: =ORÇAMENTO!J43 -> 41175.67 | G19: =$F$19*G18 -> 0 | H19: =$F$19*H18 -> 41175.67
A20: 1.6 | B20: =RESUMO!A12 -> RUA JOANA D'ARC TRECHO DA ESQUINA COM A RUA DUXA ATE A RUA PINHEIROS | E20: Físico % | F20: =F21/$F$9 -> 0.17182316 | H20: 1 | I20: =G20+H20 -> 1
E21: Financeiro | F21: =ORÇAMENTO!J54 -> 83031.33 | G21: =$F$21*G20 -> 0 | H21: =$F$21*H20 -> 83031.33
A22: 1.7 | B22: =RESUMO!A13 -> RUA PINHEIROS | E22: Físico % | F22: =F23/$F$9 -> 0.087445329 | H22: 1 | I22: =G22+H22 -> 1
E23: Financeiro | F23: =ORÇAMENTO!J65 -> 42256.83 | G23: =$F$23*G22 -> 0 | H23: =$F$23*H22 -> 42256.83
A24: TOTAL | E24: Físico % | F24: =F25/F9 -> 1 | G24: =G25/$F$9 -> 0.448342 | H24: =H25/$F$9 -> 0.551658 | I24: =G24+H24 -> 1
E25: Financeiro | F25: =SUM(F11,F15,F17,F19,F21,F23,F13,) -> 483237.13 | G25: =G11+G15+G17+G19+G21+G23+G13 -> 216655.5 | H25: =H11+H15+H17+H19+H21+H23+H13 -> 266581.63
E26: Físico % | F26: ACUMULADO | G26: =G27/$F$9 -> 0.448342 | H26: =H27/$F$9 -> 1
E27: Financeiro | G27: =G25 -> 216655.5 | H27: =H25+G27 -> 483237.13
A29: =[2]ORÇAMENTO!A91 -> RESPOSÁVEL TÉCNICO: | F29: =[2]ORÇAMENTO!F91 -> RESPONSÁVEL LEGAL:
B33: =[2]ORÇAMENTO!B98 -> MAX HENRIQUE VELOSO DA SILVA | F33: =[2]ORÇAMENTO!E98 -> HERCULES VANDY DURÃES DA FONSECA
B34: =[2]ORÇAMENTO!B99 -> ENGENHEIRO CIVIL - CREA: 248.998/D - MG | F34: =[2]ORÇAMENTO!E99 -> PREFEITO MUNICIPAL DE LAGOA DOS PATOS-MG
